 Dungeon Crawl Stone Soup version 0.21.1-1-g345015fe64 (webtiles) character file.

77 toidinamai the Ruffian (level 4, -4/40 HPs)
             Began as a Ghoul Monk on Apr 16, 2018.
             Killed from afar by an orc wizard (6 damage)
             ... with a magic dart
             ... on level 2 of the Dungeon.
             The game lasted 00:04:07 (1740 turns).

toidinamai the Ruffian (Ghoul Monk)                 Turns: 1740, Time: 00:04:07

Health: -4/40      AC:  2    Str: 15    XL:     4   Next: 33%
Magic:  3/3        EV: 13    Int:  5    God:
Gold:   73         SH:  0    Dex: 11    Spells: 3/3 levels left

rFire    . . .     SeeInvis .     - Unarmed
rCold    + . .     Gourm    .   (no shield)
rNeg     + + +     Faith    .   a - +0 robe
rPois    ∞         Spirit   .   (no helmet)
rElec    .         Reflect  .   (no cloak)
rCorr    .         Harm     .   (no gloves)
MR       .....                  (no boots)
Stlth    ++........             (no amulet)
HPRegen  0.00/turn              g - ring of flight
MPRegen  0.08/turn              (no ring)

@: rotting
A: rotting body, claws 1, carnivore, cold resistance 1, negative energy
resistance 3, inhibited regeneration, torment resistance, unbreathing
a: Evoke Flight


You were on level 2 of the Dungeon.
You were not hungry.

You visited 1 branch of the dungeon, and saw 2 of its levels.

You collected 73 gold pieces.

Inventory:

Armour
 a - a +0 robe (worn)
Jewellery
 g - a ring of flight (left claw)
Scrolls
 d - a scroll of immolation {unknown}
Potions
 e - a potion of might {unknown}
 f - a potion of magic {unknown}
 h - a potion of mutation {unknown}
Comestibles
 b - 7 rations
 c - 4 chunks of flesh


   Skills:
 + Level 3.8 Fighting
 + Level 3.2 Dodging
 * Level 3.1 Stealth
 + Level 4.2 Unarmed Combat


You had 3 spell levels left.
You didn't know any spells.

Dungeon Overview and Level Annotations

Branches:
Dungeon (2/15)

Altars:
Fedhas
Gozag


Innate Abilities, Weirdness & Mutations

Your body is rotting away.
You thrive on raw meat.
You are immune to poison.
You have sharp fingernails.
You are carnivorous and can eat meat at any time.
Your flesh is cold resistant. (rC+)
You are immune to negative energy. (rN+++)
You do not regenerate when monsters are visible.
You are immune to unholy pain and torment.
You can survive without breathing.


Message History

An orc priest comes into view. It is wielding a club.
The orc priest shouts!
You hear a shout!
The orc wizard points at you and mumbles some strange words.
The magic dart hits you!
An orc wizard comes into view. It is wielding a dagger.
You barely miss the orc wizard.
The orc priest mumbles some strange prayers to Beogh against you.
Beogh smites you! The orc priest hits you.
The orc wizard hits you with a dagger.
You closely miss the orc wizard. The orc priest closely misses you.
The orc wizard misses you. The orc priest barely misses you.
The orc wizard casts a spell at you. The puff of flame hits you!
* * * LOW HITPOINT WARNING * * *
The orc wizard hits you with a dagger.
* * * LOW HITPOINT WARNING * * *
The orc wizard points at you and mumbles some strange words.
The magic dart hits you!
You die...

##.############## #.#
##.## ....# #
....######## .#
...........#########.#
....####............o#
....# ##..#.####.oo..#
.#.####...##....@o...#
.#........#.####.....#
.######....##
#......... .# ######
########## .# .# .# ##


You could see 2 orc priests and 2 orc wizards.

Vanquished Creatures
  3 adders (D:2)
  An ooze (D:1)
  2 worms (D:2)
  2 dart slugs
  A leopard gecko (D:2)
  2 bats
  2 giant cockroaches (D:2)
  4 goblins
  6 hobgoblins
  6 kobolds
  2 rats
31 creatures vanquished.

Notes
Turn   | Place    | Note
-------+----------+-------------------------------------------
     0 | D:1      | toidinamai the Ghoul Monk began the quest for the Orb.
     0 | D:1      | Reached XP level 1. HP: 19/19 MP: 0/0
   120 | D:1      | Reached XP level 2. HP: 9/26 MP: 1/1
   770 | D:1      | Reached XP level 3. HP: 30/33 MP: 2/2
  1274 | D:2      | Found a blossoming altar of Fedhas.
  1351 | D:2      | Found an opulent altar of Gozag.
  1406 | D:2      | Reached skill level 4 in Unarmed Combat
  1460 | D:2      | Reached XP level 4. HP: 34/40 MP: 3/3
  1739 | D:2      | HP: 2/40 [orc wizard/dagger (2)]
  1740 | D:2      | Killed from afar by an orc wizard

Skill      XL: |  1  2  3  4 |
---------------+-------------+-----
Dodging        | 3 |  3.2
Unarmed Combat | 4 |  4.2
Stealth        | 3 |  3.1
Fighting       | |  3.8

Action                   |  1- 3 |  4- 6 || total
-------------------------+-------+-------++-------
Melee: Unarmed           |    85 |    23 ||   108
       Punch             |       |     1 ||     1
 Stab: Sleeping          |     2 |     1 ||     3
  Eat: Chunk             |     5 |     2 ||     7
Armor: Robe              |    12 |     3 ||    15
Dodge: Dodged            |    44 |    14 ||    58
